[Event "*** Titled Tuesday Blitz"]
[Site "Chess.com"]
[Date "2021.04.06"]
[Round "3"]
[White "krzyzan94"]
[Black "FMOlexandrProhorov"]
[Result "1/2-1/2"]
[WhiteElo "2690"]
[BlackElo "2200"]
[TimeControl "180+1"]
[EndTime "10:28:27 PDT"]
[Termination "Game drawn by agreement"]

1. e4 c5 2. Nc3 Nc6 3. f4 g6 4. Nf3 Bg7 5. Bb5 Nd4 6. Bc4 a6 7. a4 e6 8. O-O Ne7 9. d3 d5 10. Ba2 O-O 11. Kh1 Rb8 12. Nxd4 cxd4 13. Ne2 b5 14.
Ng3 Qc7 15. axb5 axb5 16. Bb3 Bb7 17. f5 exf5 18. exf5 Nxf5 19. Nxf5 gxf5 20. Bf4 Be5 21. Bxe5 Qxe5 22. Qh5 Qg7 23. Rxf5 f6 24. Ra7 Ra8 25. Rxa8 Rxa8 26. Rf1 Kh8 27. Re1 Rg8 28. g3 Bc8 29. Qxd5 Bb7 30. Re4 Bxd5 31. Bxd5 Qg5 32. Bxg8 Kxg8 33.
b4 Qc1+ 34. Kg2 Qb2 35. Kf3 Qxb4 36. Re2 Qc3 37. Ke4 b4 38. g4 Kf7 39. h3 b3 40.
cxb3 Qxb3 41. Kxd4 Qb6+ 42. Ke4 Qc6+ 43. Ke3 Kg6 44. Rf2 Qh1 45. Rf3 h5 46. gxh5+ Kg5 47. h6 Kxh6 48. Rxf6+ Kg5 49. Rf3 Qe1+ 50. Kd4 Qg1+ 1/2-1/2

[Event "*** Titled Tuesday Blitz"]
[Site "Chess.com"]
[Date "2021.04.06"]
[Round "3"]
[White "lrestevez"]
[Black "karinachess1"]
[Result "0-1"]
[WhiteElo "2135"]
[BlackElo "2490"]
[TimeControl "180+1"]
[EndTime "10:28:27 PDT"]
[Termination "karinachess1 won by resignation"]

1. e4 c5 2. Nf3 e6 3. d4 cxd4 4. c3 dxc3 5. Nxc3 d6 6. Bd3 Nc6 7. O-O Nf6 8. Qe2 Be7 9. Rd1 Qc7 10. Bf4 e5 11. Bg5 Be6 12. Rac1 Qb8 13. h3 O-O 14. Bb1 h6 15. Bxf6 Bxf6 16. Nd5 Bxd5 17.
exd5 Ne7 18. Nd2 g6 19. Ne4 Bg7 20. Qb5 Qd8 21. Qxb7 f5 22. Rc7 Rb8 23. Qxa7 Ra8 24. Qb6 fxe4 25. Bxe4 Nf5 26. Bxf5 Rxf5 27. Qb7 Bf8 28.
Rdc1 Qe8 29. Rc8 Rxc8 30. Rxc8 Qf7 31. Rc7 Qf6 32. Qc8 Rxf2 33. Qd7 Rf1+ 34. Kh2 Qf4+ 0-1

[Event "*** Titled Tuesday Blitz"]
[Site "Chess.com"]
[Date "2021.04.06"]
[Round "3"]
[White "Dinamo3"]
[Black "annacramling"]
[Result "1-0"]
[WhiteElo "2481"]
[BlackElo "2075"]
[TimeControl "180+1"]
[EndTime "10:28:27 PDT"]
[Termination "Dinamo3 won on time"]

1. e4 c5 2. Ne2 Nc6 3. d4 cxd4 4.
Nxd4 Nf6 5. Nc3 e6 6. Nxc6 bxc6 7.
Bd3 e5 8. O-O Be7 9. Qe2 O-O 10.
Kh1 d5 11. f4 d4 12. Nb1 Ng4 13. Na3 exf4 14. Bxf4 Bg5 15. Nc4 Be6 16. h3 Bxf4 17.
Rxf4 Bxc4 18. Qxg4 Bxd3 19. cxd3 c5 20. Rf5 Qb6 21.
b3 Rad8 22. Rc1 Rc8 23. Rg5 Qh6 24. Rf1 Kh8 25. Rff5 f6 26. Rh5 Qg6 27. Qh4 h6 28.
Rxc5 Rxc5 29. Rxc5 Qf7 30. Qe1 Re8 31. Qb4 Qe7 32. Qxd4 Qf7 33. Rd5 Re7 34. Rd8+ Re8 35. Rxe8+ Qxe8 36. Qxa7 Qd8 37. Qe3 Qc7 38. Qd2 Kg8 39. d4 Kf7 40. d5 Qg3 41. d6 Ke6 42. d7 1-0

[Event "*** Titled Tuesday Blitz"]
[Site "Chess.com"]
[Date "2021.04.06"]
[Round "3"]
[White "suneebaker"]
[Black "PavelChernomordik"]
[Result "1-0"]
[WhiteElo "2126"]
[BlackElo "2323"]
[TimeControl "180+1"]
[EndTime "10:28:27 PDT"]
[Termination "suneebaker won by resignation"]

1. e4 g6 2. d4 Bg7 3. Nc3 d6 4. Be3 a6 5. a4 b6 6. Bd3 Bb7 7. Nge2 Nd7 8. O-O e6 9. h3 c5 10. Qd2 Qc7 11. b3 Rc8 12. d5 exd5 13. Nxd5 Bxd5 14.
exd5 Bxa1 15. Rxa1 Ra8 16. c4 Ne5 17. Bc2 Ne7 18.
Bh6 Kd8 19. Bg7 Kd7 20. Bxh8 Rxh8 21. Re1 Kc8 22. f4 Nd7 23. Qc3 f6 24. Ng3 Re8 25.
Re6 Nf8 26. Rxf6 Ng8 27. Ne4 Nxf6 28. Qxf6 Rd8 29. Ng5 Nd7 30. Qe6 Rf8 31. Nxh7 Rxf4 32. Bxg6 Kb7 33. Bf5 Ne5 34. Nf6 Qd8 35. Ne8 Qg5 36.
Nxd6+ Ka7 37. Qxe5 Rd4 38. Bg4 Qxe5 39. Nc8+ Kb8 40.
Nxb6 Rd2 41. Nd7+ Kc7 42. Nxe5 Rb2 43. Nf7 Rxb3 44. d6+ Kc6 45. d7 Rd3 46. d8=Q Rxd8 47. Nxd8+ Kb6 48. Ne6 a5 49. Bf3 Ka7 50. Nxc5 Kb6 51.
Nb3 Kc7 52. h4 Kd6 53. h5 Ke5 54. h6 Kf6 55. c5 1-0

[Event "*** Titled Tuesday Blitz"]
[Site "Chess.com"]
[Date "2021.04.06"]
[Round "3"]
[White "Aleksey_Sorokin"]
[Black "yobdc"]
[Result "1-0"]
[WhiteElo "2787"]
[BlackElo "2519"]
[TimeControl "180+1"]
[EndTime "10:28:28 PDT"]
[Termination "Aleksey_Sorokin won by resignation"]

1. d4 d5 2. c4 c6 3. Nf3 Nf6 4.
e3 Bf5 5. Nc3 a6 6. b3 h6 7. Bd3 Bxd3 8. Qxd3 e6 9. O-O Be7 10. e4 dxe4 11. Nxe4 Nxe4 12. Qxe4 Nd7 13. Rd1 Nf6 14. Qe2 O-O 15. Bf4 Qa5 16. Rd3 Qf5 17. Bd2 Rad8 18. Rd1 Qe4 19. Re3 Qc2 20. Ba5 Qxe2 21.
Rxe2 Rc8 22. h3 Rfe8 23. Ne5 Bd8 24. Bc3 Bc7 25. Nd3 Bb6 26. Kf1 Rcd8 27. Ne5 Nd7 28. Nf3 Ba7 29. a4 f6 30. g4 Kf7 31. Kg2 g5 32. Ne1 Nf8 33. Nc2 Ng6 34. Re3 e5 35. Ree1 Nf4+ 36. Kf3 exd4 37. Rxe8 Rxe8 38. Bxd4 Bxd4 39. Rxd4 Nxh3 40. Ne3 Re7 41. Nf5 Rc7 42.
Nxh6+ Ke6 43. Nf5 Nf4 44. Ke4 c5 45. Rd8 Rd7 46. Rxd7 Kxd7 47. a5 Ke6 48. Ng7+ Kf7 49. Nh5 Ke6 50. Nxf4+ gxf4 51. Kxf4 Ke7 52. Kf5 Kf7 53.
f4 Kg7 54. g5 fxg5 55. fxg5 Kf7 56. Ke5 Kg6 57. Kd5 Kxg5 58. Kxc5 1-0

[Event "*** Titled Tuesday Blitz"]
[Site "Chess.com"]
[Date "2021.04.06"]
[Round "3"]
[White "Durarbayli"]
[Black "Nara_Kh"]
[Result "1-0"]
[WhiteElo "2739"]
[BlackElo "2451"]
[TimeControl "180+1"]
[EndTime "10:28:29 PDT"]
[Termination "Durarbayli won on time"]

1. e4 c5 2. Nf3 d6 3. d4 Nf6 4. Nc3 cxd4 5. Nxd4 a6 6. g3 e5 7. Nb3 Be7 8. Bg5 Be6 9. h4 Nbd7 10. f4 exf4 11.
gxf4 h6 12. Bxf6 Nxf6 13. f5 Bd7 14. Qd2 Ng4 15. O-O-O Bc6 16. Kb1 Ne5 17. Qg2 Bf6 18.
Nd4 Qc7 19. Rh3 Ke7 20. Nde2 Rhd8 21. Nf4 Kf8 22. Rg3 Qc8 23. Nh5 b5 24. Rxg7 b4 25. Nxf6 bxc3 26. b3 a5 27. Rh7 1-0

[Event "*** Titled Tuesday Blitz"]
[Site "Chess.com"]
[Date "2021.04.06"]
[Round "3"]
[White "Coiote53"]
[Black "Volodar_Murzin"]
[Result "0-1"]
[WhiteElo "2030"]
[BlackElo "2744"]
[TimeControl "180+1"]
[EndTime "10:28:29 PDT"]
[Termination "Volodar_Murzin won by resignation"]

1. e4 c5 2. Nf3 d6 3. d4 cxd4 4. Nxd4 Nf6 5. Nc3 a6 6. Bg5 Nbd7 7. Qe2 Qc7 8. O-O-O h6 9. Bh4 e6 10. f4 b5 11. a3 Bb7 12. g4 Be7 13. Kb1 Rc8 14.
Rg1 Nc5 15. Bg2 g5 16. fxg5 hxg5 17. Bxg5 Rxh2 18. Bf4 Rxg2 19. Rxg2 Nfxe4 20. Ncxb5 axb5 21. Nxb5 Qb6 22. Rh2 Ba6 23. c4 d5 24. Rh3 Kd7 25. Nc3 Nxc3+ 26. Rxc3 Na4 27. Rc2 Rxc4 28. b4 Rxb4+ 29. axb4 Bxe2 30. Rxe2 Nc3+ 31. Kc2 Nxe2 0-1

[Event "*** Titled Tuesday Blitz"]
[Site "Chess.com"]
[Date "2021.04.06"]
[Round "3"]
[White "catzapto"]
[Black "dennisodessa"]
[Result "0-1"]
[WhiteElo "2057"]
[BlackElo "2318"]
[TimeControl "180+1"]
[EndTime "10:28:29 PDT"]
[Termination "dennisodessa won by resignation"]

1. e4 e6 2. d4 d5 3. Nd2 Nf6 4.
e5 Nfd7 5. Bd3 c5 6. c3 Nc6 7.
Ne2 cxd4 8. cxd4 f6 9. exf6 Qxf6 10. Nf3 h6 11. O-O Bd6 12. Ng3 O-O 13. Re1 Rd8 14. Bb1 Nf8 15. Qd3 Bd7 16. Qe3 Be8 17. Ne5 Bxe5 18.
dxe5 Qh4 19. f4 Bg6 20. Nf1 d4 21. Qg3 Qxg3 22. Nxg3 Nb4 23. Ne4 d3 24. a3 Bxe4 25. Rxe4 Nc2 26. Bxc2 dxc2 27. Rc4 Rac8 28. Rxc8 Rxc8 29.
Kf2 Rd8 30. Ke2 Rd1 31. b3 Ng6 32. g3 Ne7 33. Ke3 Nd5+ 34. Ke2 Nc3+ 35. Ke3 Nb5 36. a4 Nd4 37. Bb2 Rxa1 38. Bxa1 c1=Q+ 39. Kxd4 Qxa1+ 40. Kc5 Qc3+ 0-1

[Event "*** Titled Tuesday Blitz"]
[Site "Chess.com"]
[Date "2021.04.06"]
[Round "3"]
[White "AAponteR"]
[Black "alejogarcia1999"]
[Result "0-1"]
[WhiteElo "2138"]
[BlackElo "2416"]
[TimeControl "180+1"]
[EndTime "10:28:30 PDT"]
[Termination "alejogarcia1999 won on time"]

1. e4 c5 2. Nf3 e6 3. d3 Nc6 4. g3 g6 5. Bg2 Bg7 6. O-O Nge7 7.
c3 O-O 8. d4 cxd4 9. cxd4 d5 10. e5 Nf5 11. Nc3 b6 12. a3 Ba6 13. Re1 Rc8 14. h4 Na5 15. h5 Bc4 16. hxg6 hxg6 17. Bg5 Qd7 18. b4 Bb3 19. Qd2 Nc4 20. Qf4 Nb2 21.
g4 Nd3 22. Qh2 Nxe1 23. Rxe1 Rxc3 24. gxf5 exf5 25. Bf6 Rxf3 26. Bxf3 Qe6 27. Bg5 Rc8 28. Bg2 Rc3 29. Re3 Rc1+ 30. Bf1 Bc4 31. Rh3 Rxf1+ 32.
Kg2 f4 33. Kf3 Qf5 34. Bf6 Qe4+ 35. Kg4 Be2+ 36. f3 Bxf3+ 0-1

[Event "*** Titled Tuesday Blitz"]
[Site "Chess.com"]
[Date "2021.04.06"]
[Round "3"]
[White "VladimirBugayev"]
[Black "AlexPapasimakopoulos"]
[Result "0-1"]
[WhiteElo "2268"]
[BlackElo "2611"]
[TimeControl "180+1"]
[EndTime "10:28:31 PDT"]
[Termination "AlexPapasimakopoulos won by checkmate"]

1. e4 e6 2. d4 d5 3. Bd3 c5 4. exd5 exd5 5. c3 Nf6 6. Nf3 Nc6 7. O-O cxd4 8. cxd4 Bg4 9. Nc3 Be7 10. Re1 O-O 11. Bg5 h6 12. Be3 Bb4 13. Be2 Ne4 14. Qb3 Qa5 15. Rac1 Nxc3 16. bxc3 Ba3 17. Rb1 Rab8 18.
c4 Bf5 19. Bd3 Bxd3 20. Qxd3 Bb4 21. Red1 dxc4 22. Qxc4 Bd6 23. d5 Ne7 24. Rb5 Qa6 25. Qb3 b6 26. Nd4 Rbc8 27. a4 Rfd8 28. h3 Bc5 29.
Nc6 Nxc6 30. dxc6 Rxd1+ 31. Qxd1 Bxe3 32. fxe3 Rxc6 33. Qd8+ Kh7 34. Qd3+ Rg6 35. h4 Qb7 36. Rd5 f5 37. Qxf5 Qe7 38. h5 Qxe3+ 39. Kh2 Qg3+ 40. Kh1 Qxg2# 0-1

[Event "*** Titled Tuesday Blitz"]
[Site "Chess.com"]
[Date "2021.04.06"]
[Round "3"]
[White "IMAghasiyevKamal"]
[Black "MarkoPe"]
[Result "1-0"]
[WhiteElo "2519"]
[BlackElo "2256"]
[TimeControl "180+1"]
[EndTime "10:28:31 PDT"]
[Termination "IMAghasiyevKamal won on time"]

1. d4 d5 2. c4 e6 3. Nc3 c6 4. e3 Nf6 5. Nf3 Nbd7 6. b3 Bb4 7.
Bd2 O-O 8. Be2 Re8 9. O-O e5 10.
dxe5 Nxe5 11. cxd5 cxd5 12. Nxe5 Rxe5 13. Nb5 Bxd2 14.
Qxd2 Be6 15. Rac1 Ne4 16. Qd4 Rg5 17. Nc7 Bh3 18. Bf3 Rxg2+ 19. Kh1 Nxf2+ 20. Rxf2 Rxf2 21. Nxa8 Rxf3 22. Rg1 g6 23. Qxa7 Qe7 24. Qd4 Rxe3 25. Nb6 Qe4+ 26. Qxe4 dxe4 27. Rc1 Re2 28. Nd5 Rxa2 29.
Kg1 h5 30. Nf6+ Kg7 31. Nxe4 Rb2 32. Rc3 Bf5 33. Nd6 Rb1+ 34. Kf2 b6 35. Rc7 1-0

[Event "*** Titled Tuesday Blitz"]
[Site "Chess.com"]
[Date "2021.04.06"]
[Round "3"]
[White "Trankuilizer"]
[Black "steka121"]
[Result "0-1"]
[WhiteElo "2595"]
[BlackElo "2334"]
[TimeControl "180+1"]
[EndTime "10:28:32 PDT"]
[Termination "steka121 won by resignation"]

1. e4 d5 2. exd5 Qxd5 3. Nc3 Qd8 4. Nf3 Nf6 5. Bc4 c6 6. d4 b5 7. Bb3 e6 8. O-O Be7 9. Qe2 O-O 10. Ne4 Nbd7 11.
c3 Bb7 12. Nxf6+ Nxf6 13. Be3 Nd5 14. Bc2 c5 15. dxc5 Qc7 16. Qd3 g6 17. Qxb5 Nxe3 18.
fxe3 Bxc5 19. Rae1 Rab8 20. Qe2 Bxf3 21. Qxf3 Rxb2 22. Bb3 Qe5 23. h4 h5 24. Qf4 Qxc3 25.
Qg5 Kg7 26. Kh1 Bd6 27. Rd1 Qe5 28. Qxe5+ Bxe5 29. Rd7 Bf6 30. Bxe6 Re2 31. Rf3 Bxh4 32. Bxf7 Rd8 33. Rxa7 Kh6 34. Bb3 Rdd2 35. Rf8 Bg3 36.
Rh8+ Kg5 37. Ra5+ Kf6 38. Rf8+ Kg7 39. Rf1 Rxe3 40. Rd1 Rxd1+ 0-1

[Event "*** Titled Tuesday Blitz"]
[Site "Chess.com"]
[Date "2021.04.06"]
[Round "3"]
[White "AungTZ"]
[Black "2Tilted"]
[Result "0-1"]
[WhiteElo "2064"]
[BlackElo "2324"]
[TimeControl "180+1"]
[EndTime "10:28:32 PDT"]
[Termination "2Tilted won on time"]

1. e4 c5 2. Nf3 e6 3. d4 cxd4 4. Nxd4 Nc6 5. Nc3 Qc7 6. Ndb5 Qb8 7. Be3 a6 8. Nd4 Nf6 9. Bd3 Bb4 10. O-O O-O 11.
Kh1 Nxd4 12. Bxd4 e5 13. Be3 d6 14. Bg5 Bxc3 15. bxc3 Nd7 16. Bc4 Qc7 17. Bb3 Nc5 18. Bd5 Be6 19. f4 h6 20. Bh4 Bxd5 21. exd5 e4 22. Bf2 Na4 23. Bd4 Nxc3 24. Qe1 Nxd5 25. Qxe4 Qc4 26. f5 Rfe8 27. Qg4 Nf6 28. Qd1 Ne4 29.
f6 g6 30. c3 Re6 31. Rb1 b5 32. Rb4 Qd5 33. Qc1 Qh5 34. Rf3 Ng5 0-1

[Event "*** Titled Tuesday Blitz"]
[Site "Chess.com"]
[Date "2021.04.06"]
[Round "3"]
[White "Pliukha_Mikhail"]
[Black "A-Fier"]
[Result "0-1"]
[WhiteElo "2492"]
[BlackElo "2713"]
[TimeControl "180+1"]
[EndTime "10:28:33 PDT"]
[Termination "A-Fier won by checkmate"]

1. e4 c5 2. d4 a6 3. c3 cxd4 4. cxd4 d5 5. exd5 Nf6 6. Nc3 Nxd5 7. Bc4 Be6 8. Qb3 Nc7 9. Bxe6 Nxe6 10. Qxb7 Nd7 11.
Nge2 g6 12. Be3 Bg7 13. d5 Nec5 14.
Bxc5 Nxc5 15. Qc6+ Nd7 16. O-O O-O 17. Rfd1 Rb8 18. Rab1 a5 19. Qa4 Nc5 20. Qc4 Qb6 21. a3 Rfc8 22. Qh4 Bf6 23. Qg3 Qb3 24. d6 exd6 25.
Qxd6 Bg7 26. Nd5 Ne4 27. Qf4 Re8 28. Ng3 Nxg3 29. hxg3 Rbc8 30. Qf3 Qc2 31. b4 axb4 32. axb4 Re2 33. Rbc1 Qxc1 34. Rxc1 Rxc1+ 35. Kh2 Rb2 36. Ne7+ Kf8 37. Qb7 Rbb1 38. g4 Be5+ 39. g3 Rb2 40.
Nc6 Rxf2+ 41. Kh3 Rh1# 0-1

[Event "*** Titled Tuesday Blitz"]
[Site "Chess.com"]
[Date "2021.04.06"]
[Round "3"]
[White "frenchpin"]
[Black "Chessdude1987"]
[Result "0-1"]
[WhiteElo "2514"]
[BlackElo "2315"]
[TimeControl "180+1"]
[EndTime "10:28:33 PDT"]
[Termination "Chessdude1987 won on time"]

1. e4 e6 2. d4 d5 3. Nd2 c5 4.
exd5 exd5 5. Ngf3 Nf6 6. Bb5+ Bd7 7. Qe2+ Be7 8. dxc5 O-O 9. Nb3 Re8 10. Be3 a5 11. a4 Na6 12. Bxa6 Rxa6 13. O-O Ne4 14. Qd3 Bf5 15.
Rfd1 Bf6 16. Qxd5 Qxd5 17. Rxd5 Be6 18. Rd3 Bxb2 19. Rb1 Bf6 20. Bd4 Bd8 21. Re3 f5 22.
g3 Bd7 23. Ne5 Bxa4 24. f3 Nf6 25. c4 f4 26. gxf4 Nh5 27. Nd3 Rg6+ 28. Kf1 Rf8 29. Be5 Bd7 30. Bd6 Bh3+ 31. Ke2 Rg2+ 32. Nf2 Nxf4+ 33.
Bxf4 Rxf4 34. Rd1 Rf8 35. Rd7 Bh4 36. Rxb7 Bxf2 37. Re4 Bxc5+ 38. Ke1 Bb4+ 39. Kd1 Rd8+ 40. Kc1 Ba3+ 41. Kb1 Bf5 0-1

[Event "*** Titled Tuesday Blitz"]
[Site "Chess.com"]
[Date "2021.04.06"]
[Round "3"]
[White "vugarrasulov"]
[Black "sergeikim"]
[Result "1-0"]
[WhiteElo "2869"]
[BlackElo "2532"]
[TimeControl "180+1"]
[EndTime "10:28:34 PDT"]
[Termination "vugarrasulov won on time"]

1. e4 e5 2. Nf3 Nc6 3. Bb5 a6 4. Ba4 Nf6 5. O-O b5 6. Bb3 Bc5 7. a4 Bb7 8. Nxe5 Nxe5 9. d4 Bxd4 10. Qxd4 d6 11. Nc3 c5 12. Qe3 c4 13. Ba2 b4 14.
Nd5 Bxd5 15. exd5 O-O 16. f4 Neg4 17. Qd4 Re8 18. Kh1 Re4 19. Qg1 Nh5 20. Rf3 Qh4 21.
Bd2 a5 22. Raf1 Rae8 23. Rh3 Qe7 24. Rxh5 Re2 25. Bc1 Qe4 26. Rg5 f5 27. h3 Nf6 28.
Kh2 h6 29. Rg3 Nxd5 30. Qa7 Re7 31. Qb8+ Kh7 32. Qxd6 Nf6 33. Qc5 Rd7 34. Bxc4 1-0

[Event "*** Titled Tuesday Blitz"]
[Site "Chess.com"]
[Date "2021.04.06"]
[Round "3"]
[White "Abund"]
[Black "ChessAurochs"]
[Result "1-0"]
[WhiteElo "2745"]
[BlackElo "2524"]
[TimeControl "180+1"]
[EndTime "10:28:35 PDT"]
[Termination "Abund won on time"]

1. e4 e5 2. Nf3 Nc6 3. Bc4 Nf6 4. Ng5 d5 5. exd5 Na5 6. Bb5+ c6 7. dxc6 bxc6 8. Bd3 Nd5 9. Nf3 Bd6 10. O-O f5 11. Re1 e4 12. c4 Nf6 13. Bf1 O-O 14. d4 exf3 15. Qxf3 Bd7 16. c5 Bc7 17. b4 Nb7 18. Nc3 Be8 19. Bb2 a6 20. Rad1 Bf7 21. Qxf5 Nd5 22.
Ne4 Qh4 23. g3 Qh5 24. Qd7 Be8 25. Qe6+ Qf7 26. Qh3 Bd7 27. Qg2 Nd8 28. Bc4 Ne6 29. Nc3 Ng5 30. f4 Bh3 31. Nxd5 1-0

[Event "*** Titled Tuesday Blitz"]
[Site "Chess.com"]
[Date "2021.04.06"]
[Round "3"]
[White "NateSolon"]
[Black "Jumbo"]
[Result "1-0"]
[WhiteElo "2619"]
[BlackElo "2824"]
[TimeControl "180+1"]
[EndTime "10:28:36 PDT"]
[Termination "NateSolon won on time"]

1. d4 Nf6 2. c4 e6 3. g3 c5 4. d5 exd5 5. cxd5 d6 6. Nc3 g6 7.
Bg2 Bg7 8. Nf3 O-O 9. O-O Re8 10. Bf4 Ne4 11. Nxe4 Rxe4 12. Nd2 Rxf4 13. gxf4 Bxb2 14. Rb1 Bg7 15. Nc4 Na6 16. e4 Bh6 17. Qf3 Nb4 18.
e5 Nc2 19. Nxd6 Nd4 20. Qe4 Bxf4 21. Rfe1 Qh4 22. Nxc8 Rxc8 23. Rxb7 Re8 24. e6 fxe6 25.
dxe6 Kh8 26. e7 Bxh2+ 27. Kf1 Qf6 28. Rxa7 Bg3 29. Qe3 Bf4 30. Qh3 Kg7 31. Ra8 Rxe7 32. Rxe7+ Qxe7 33. Qc3 1-0

[Event "*** Titled Tuesday Blitz"]
[Site "Chess.com"]
[Date "2021.04.06"]
[Round "3"]
[White "xozr"]
[Black "FMalexhdez"]
[Result "1-0"]
[WhiteElo "2356"]
[BlackElo "2177"]
[TimeControl "180+1"]
[EndTime "10:28:36 PDT"]
[Termination "xozr won on time"]

1. e4 c5 2. Nf3 d6 3. d4 cxd4 4.
Nxd4 Nf6 5. Nc3 a6 6. Bg5 e6 7. f4 Be7 8. Qf3 Qc7 9. O-O-O b5 10. Bd3 Nbd7 11. Rhe1 h6 12. Bxf6 Nxf6 13. Qg3 g5 14.
f5 e5 15. Nb3 Bb7 16. Qe3 b4 17. Na4 Nd7 18. f6 Bd8 19. Be2 Qc6 20. Kb1 Rc8 21.
Rd2 Qxa4 22. Rxd6 Bc7 23. Rd2 Bb6 24. Qh3 Bxe4 25. Bg4 Bxc2+ 26. Rxc2 Rxc2 27. Kxc2 Qc6+ 28. Kb1 Bc7 29. Rc1 Qd6 30. Rd1 Nxf6 31. Rxd6 Bxd6 32.
Bf5 Kf8 33. Qd3 Be7 34. Qxa6 Kg7 35. Qb7 Re8 36. Na5 e4 37. Bxe4 Nxe4 38. Qxe4 Kf8 39. Nc6 1-0

[Event "*** Titled Tuesday Blitz"]
[Site "Chess.com"]
[Date "2021.04.06"]
[Round "3"]
[White "AniJak"]
[Black "zurzan"]
[Result "1-0"]
[WhiteElo "2290"]
[BlackElo "1981"]
[TimeControl "180+1"]
[EndTime "10:28:36 PDT"]
[Termination "AniJak won by resignation"]

1. e4 Nf6 2. e5 Nd5 3. d4 d6 4. c4 Nb6 5. exd6 cxd6 6. Be3 g6 7. Nc3 Bg7 8. Rc1 O-O 9. Be2 e5 10. dxe5 dxe5 11. Nf3 Qxd1+ 12. Rxd1 Nc6 13. O-O Bg4 14. b3 Rad8 15. Bxb6 axb6 16. Nd5 e4 17. Nd4 Nxd4 18. Bxg4 f5 19. Bh3 Ne2+ 20. Kh1 Rd6 21. Ne7+ Kf7 22.
Rxd6 Kxe7 23. Rxb6 Rb8 24. f3 Bd4 25. Rb5 Nc3 26. Ra5 e3 27. Re1 e2 28. g4 Bf2 29.
Rxe2+ Nxe2 30. Re5+ Kf6 31. Rxe2 fxg4 32. Rxf2 gxh3 33.
Rd2 b5 34. cxb5 Rxb5 35. Kg1 Kf5 36. Kf2 Ra5 37. Kg3 h5 38. Kxh3 Kf4 39. Kg2 Ke3 40.
Rb2 Rf5 41. b4 Rg5+ 42. Kf1 Kxf3 43. Rb3+ Ke4 44. b5 Rf5+ 45. Ke2 Rf8 46. b6 Rb8 47. a4 Kd5 48. a5 Kc6 49. Kf3 g5 50. Ke4 Rf8 51. b7 Kc7 52. b8=Q+ Rxb8 53. Rxb8 Kxb8 54. Kf5 g4 55. Kg5 Ka7 56. Kxh5 1-0

[Event "*** Titled Tuesday Blitz"]
[Site "Chess.com"]
[Date "2021.04.06"]
[Round "3"]
[White "Majesth"]
[Black "dosto07"]
[Result "0-1"]
[WhiteElo "2448"]
[BlackElo "2245"]
[TimeControl "180+1"]
[EndTime "10:28:37 PDT"]
[Termination "dosto07 won by resignation"]

1. d4 d5 2. Bg5 h6 3. Bh4 c6 4. Nf3 Bf5 5. e3 Qb6 6. Qc1 Nd7 7. c4 dxc4 8. Bxc4 Ngf6 9. Nc3 e6 10.
O-O Be7 11. Ne5 Rd8 12. f4 O-O 13. Kh1 Rfe8 14. a4 c5 15. a5 Qc7 16. Bb5 a6 17.
Bxf6 axb5 18. Nxb5 Qb8 19. Bxe7 Rxe7 20. Nxd7 Rexd7 21. Qxc5 Bd3 22. Rfd1 Rd5 23. Qb4 Bxb5 24. e4 Rh5 25. g4 Qxf4 26. gxh5 Be2 27. Qd2 Qxe4+ 28. Kg1 Bxd1 29. Rxd1 Rd5 30. Qd3 Rg5+ 31. Kf2 Qg2+ 32.
Ke1 Qxh2 33. Qe2 Rg1+ 34. Kd2 Rg2 35. Re1 Rxe2+ 36. Rxe2 Qxh5 0-1

[Event "*** Titled Tuesday Blitz"]
[Site "Chess.com"]
[Date "2021.04.06"]
[Round "3"]
[White "ApacheSVD"]
[Black "Korchmar_Vasiliy"]
[Result "0-1"]
[WhiteElo "2429"]
[BlackElo "2664"]
[TimeControl "180+1"]
[EndTime "10:28:38 PDT"]
[Termination "Korchmar_Vasiliy won on time"]

1. e4 c5 2. Nf3 d6 3. d4 cxd4 4. Nxd4 Nf6 5. Nc3 Nc6 6. Bg5 e6 7. f4 Be7 8. Qd2 h6 9. Bxf6 Bxf6 10. Nf3 g5 11. O-O-O a6 12. g3 g4 13. Nh4 Qa5 14. Kb1 O-O 15. Be2 h5 16. h3 b5 17. hxg4 b4 18. Nd5 exd5 19. exd5 Nd4 20. g5 Bg7 21. Bd3 Nb5 22. f5 Nc3+ 23. bxc3 bxc3 24. Qc1 Rb8+ 25. Ka1 Rb2 26. Bc4 Be5 27. Nf3 Bxf5 28. Nxe5 dxe5 29. Rh2 Rfb8 30. d6 Be6 0-1

[Event "*** Titled Tuesday Blitz"]
[Site "Chess.com"]
[Date "2021.04.06"]
[Round "3"]
[White "KNCP_719"]
[Black "tandaleo"]
[Result "1-0"]
[WhiteElo "2589"]
[BlackElo "2400"]
[TimeControl "180+1"]
[EndTime "10:28:38 PDT"]
[Termination "KNCP_719 won by checkmate"]

1. e4 d6 2. d4 Nf6 3. Nc3 g6 4. h3 c6 5. a4 Bg7 6. Be3 O-O 7. Nge2 e5 8. g4 Re8 9. Bg2 h5 10. Qd2 a6 11. Bg5 hxg4 12. hxg4 Bxg4 13. f3 Bh5 14.
Ng3 exd4 15. Nce2 Nbd7 16. Nxh5 gxh5 17. Ng3 Qb6 18. O-O-O d3 19. cxd3 Nc5 20. Kb1 Nxa4 21.
d4 c5 22. Nf5 cxd4 23. Nxg7 Nc3+ 24. Kc2 Rec8 25. Bxf6 Nxe4+ 26. Kb1 Nxd2+ 27. Rxd2 d5 28. Nxh5 Rc6 29. Bxd4 Qb4 30. Rd3 Rg6 31. Nf4 Rc6 32.
Rh8# 1-0

[Event "*** Titled Tuesday Blitz"]
[Site "Chess.com"]
[Date "2021.04.06"]
[Round "3"]
[White "kaponerde"]
[Black "guillembaches"]
[Result "0-1"]
[WhiteElo "2119"]
[BlackElo "2488"]
[TimeControl "180+1"]
[EndTime "10:28:38 PDT"]
[Termination "guillembaches won by resignation"]

1. d4 Nf6 2. Nf3 e6 3. e3 c5 4. Bd3 b6 5. O-O cxd4 6. exd4 Bb7 7. b3 Be7 8. Bb2 O-O 9. Nbd2 d6 10. Qe2 Nbd7 11. c4 a6 12. Rac1 Re8 13. Rfd1 Rc8 14.
Ne4 Rc7 15. Ba3 Nf8 16. Qe3 Rd7 17. Nxf6+ Bxf6 18. Be4 d5 19. Bb1 dxc4 20. bxc4 Bxf3 21. Qxf3 Bxd4 22. g3 Bc5 23. Bb2 Bd4 24. Ba3 Qc7 25.
Kg2 Red8 26. Qe4 Bc5 27. Rxd7 Rxd7 28. Bb2 Qb7 29. Qxb7 Rxb7 30. Rd1 Rd7 31. Rxd7 Nxd7 32. Be4 Kf8 33. Kf3 f6 34. Bxh7 Ke7 35. Be4 Kd6 36. h4 Ne5+ 37. Bxe5+ Kxe5 38. Bb7 a5 39. Kg4 Bxf2 40. Kf3 Bc5 41. g4 Kd4 42. Ba6 a4 43. Kf4 Kc3 44. Bb5 a3 45. Ba4 Bf2 46. h5 e5+ 47.
Kf3 Be1 48. Bb3 Bd2 49. Ke4 Bh6 50. Kf5 Kd3 51. Kg6 e4 52. Kf5 e3 53. Bd1 e2 54.
Bxe2+ Kxe2 55. Ke6 Kf3 56. Kd5 Kxg4 57. Kc6 Be3 0-1

[Event "*** Titled Tuesday Blitz"]
[Site "Chess.com"]
[Date "2021.04.06"]
[Round "3"]
[White "Ajedrez_con_German"]
[Black "Fraler15"]
[Result "1-0"]
[WhiteElo "2474"]
[BlackElo "2231"]
[TimeControl "180+1"]
[EndTime "10:28:38 PDT"]
[Termination "Ajedrez_con_German won on time"]

1. d4 Nf6 2. Bf4 e6 3. e3 d5 4. Nf3 Bd6 5. Bg3 O-O 6. Bd3 b6 7. Qe2 c5 8. c3 Bb7 9. Ne5 Qc7 10. Nd2 Nbd7 11. f4 Ne4 12. O-O f5 13. Nxd7 Qxd7 14. Nxe4 dxe4 15. Bb5 Bc6 16. a4 a6 17. Bxc6 Qxc6 18.
Rfd1 b5 19. Be1 Rfb8 20. axb5 axb5 21. g3 b4 22. Qc4 Kf7 23. Rxa8 Rxa8 24. cxb4 Qa4 25.
Rc1 cxb4 26. d5 Qd7 27. Bxb4 Bxb4 28. dxe6+ Qxe6 29. Qxb4 Kg6 30. Qb7 Rd8 31. b4 Rd2 32. Rc6 Rd6 33. b5 Qb3 34. Rxd6+ Kh5 35. Qd5 1-0

[Event "*** Titled Tuesday Blitz"]
[Site "Chess.com"]
[Date "2021.04.06"]
[Round "3"]
[White "tvjosue"]
[Black "EvgenyT"]
[Result "0-1"]
[WhiteElo "2573"]
[BlackElo "2930"]
[TimeControl "180+1"]
[EndTime "10:28:39 PDT"]
[Termination "EvgenyT won on time"]

1. c4 Nf6 2. g3 c6 3. Bg2 d5 4. Qc2 g6 5. Nf3 Bg7 6. O-O O-O 7. d3 a5 8. cxd5 Nxd5 9. Nc3 Na6 10. Bd2 Bg4 11. h3 Bd7 12. Nxd5 cxd5 13. Rac1 Qb6 14.
Bc3 d4 15. Bd2 Rfc8 16. Qb1 Nc5 17. Rfd1 Na4 18. b3 Nc3 19. Bxc3 Rxc3 20. Nd2 Rac8 21. Ne4 R3c7 22. Rxc7 Qxc7 23. b4 a4 24. Nc5 Bc6 25.
Rc1 Bh6 26. Rc4 Bxg2 27. Nxa4 Bc6 28. b5 Be3 29. Kf1 Qe5 30. fxe3 Bd7 31. Rxc8+ Bxc8 32. exd4 Qxg3 33. e4 Qe3 0-1